 Dungeon Crawl Stone Soup version 0.20.0-15-g7f486f2 (webtiles) character file.

200 Chiseanne the Magician (level 5, -3/52 HPs)
             Began as a Demonspawn Wizard on June 11, 2017.
             Slain by a hobgoblin
             ... wielding a +0 club
              (4 damage)
             ... on level 2 of the Dungeon.
             The game lasted 00:02:45 (1499 turns).

Chiseanne the Magician (Demonspawn Wizard)          Turns: 1499, Time: 00:02:45

Health: -3/52      AC:  2    Str: 12    XL:     5   Next: 48%
Magic:  10/20      EV: 12    Int: 20    God:
Gold:   100        SH:  0    Dex: 16    Spells: 6/12 levels left

rFire    . . .     SeeInvis .   k - +0 short sword
rCold    . . .     Gourm    .   (no shield)
rNeg     . . .     Faith    .   a - +0 robe
rPois    .         Spirit   .   b - +0 hat
rElec    .         Reflect  .   (no cloak)
rCorr    .         Harm     .   (no gloves)
MR       .....                  (no boots)
Stlth    ..........             (no amulet)
Regen    0.2/turn               l - ring of magical power
MPRegen  0.2/turn               (no ring)

@: berserking, lethally poisoned (-3 -> -4), very slightly contaminated, slowed
A: thin skeletal structure 2
a: no special abilities


You were on level 2 of the Dungeon.
You were hungry.

You visited 1 branch of the dungeon, and saw 2 of its levels.

You collected 100 gold pieces.

Inventory:

Hand Weapons
 g - a +5 scythe of venom
 k - a +0 short sword (weapon)
Missiles
 e - 15 poisoned needles
 o - 18 bolts
Armour
 a - a +0 robe (worn)
 b - a +0 hat (worn)
Jewellery
 l - a ring of magical power (left hand)
Scrolls
 j - a scroll of amnesia
 n - 2 scrolls of remove curse
 r - a scroll of noise {unknown}
 t - a scroll of identify
 u - 3 scrolls of enchant weapon {unknown}
Potions
 f - a potion of degeneration {unknown}
 h - 2 potions of berserk rage
 i - 3 potions of heal wounds {unknown}
 p - a potion of resistance {unknown}
 s - 2 potions of lignification {unknown}
Books
 c - a book of Minor Magic

   Spells                             Type                      Level
   a - Magic Dart                     Conjuration                  1
   b - Blink                          Translocation                2
   c - Call Imp                       Summoning                    2
   d - Slow                           Hexes                        2
   e - Conjure Flame                  Conjuration/Fire             3
   f - Mephitic Cloud                 Conjuration/Poison/Air       3
Comestibles
 d - 2 bread rations
 m - 4 chunks of flesh
 q - a meat ration


   Skills:
 - Level 1.7 Dodging
 * Level 3.3 Stealth
 * Level 4.1 Spellcasting
 * Level 3.3 Conjurations
   Level 1.0 Summonings
 - Level 0.8 Translocations


You had 6 spell levels left.
You knew the following spells:

 Your Spells              Type           Power        Failure   Level  Hunger
a - Magic Dart            Conj           ###.         3%          1    None
b - Blink                 Tloc           N/A          14%         2    #......
c - Mephitic Cloud        Conj/Pois/Air  #.......     24%         3    ###....


Dungeon Overview and Level Annotations

Branches:
Dungeon (2/15)

Altars:

Annotations:
D:2 Natasha


Innate Abilities, Weirdness & Mutations

You have a moderately thin skeletal structure. (Dex +4, Stealth+)


Message History

The crimson imp blinks!
Natasha claws you!
* * * LOW HITPOINT WARNING * * *
The giant cockroach bites you.
* * * LOW HITPOINT WARNING * * *
You see here a club.
The crimson imp blinks!
The adder barely misses you.
It was a potion of berserk rage.
A red film seems to cover your vision as you go berserk!
You feel yourself moving faster!
You feel mighty! The adder closely misses you. The adder misses you.
The hobgoblin closely misses you.
The crimson imp blinks!
You barely miss the adder.
* * * LOW HITPOINT WARNING * * *
You feel sick. The adder closely misses you. The hobgoblin barely misses you.
The adder bites you but does no damage.
Natasha wildly gestures.
Natasha shimmers violently.
You puncture the adder!
The adder is severely wounded.
The hobgoblin hits you with a club.
You die...

.# ##.###.# .# #.#
#.# .# #.# #.# .#
#.# #.# .# #. #.#
.# #####.###.# ..
...#..##.#
##.##5##.##.###
#....sg@........
#..#..S####.##..
#####.<...h..## #
#.........5...#
#.#.##........#
#.#.##.#...##.# .
#.#.##.....# .#
..###.#.##..#### #
......5..>..#####.


You could see Natasha, 2 crimson imps, an adder, a giant cockroach and a
hobgoblin.

Vanquished Creatures
  Sigmund (D:2)
  An adder (D:2)
  A worm (D:2)
  A leopard gecko (D:1)
  A bat (D:1)
  4 giant cockroaches
  4 goblins
  5 hobgoblins
  A ball python (D:1)
  A frilled lizard (D:2)
  4 rats
24 creatures vanquished.

Notes
Turn   | Place    | Note
-------+----------+-------------------------------------------
     0 | D:1      | Chiseanne the Demonspawn Wizard began the quest for the Orb.
     0 | D:1      | Reached XP level 1. HP: 13/13 MP: 4/4
   470 | D:1      | Gained mutation: You have a somewhat thin skeletal structure. (Dex +2, Stealth) [demonic ancestry]
   470 | D:1      | Reached XP level 2. HP: 19/19 MP: 6/6
   951 | D:1      | Learned a level 2 spell: Blink
  1287 | D:2      | Reached XP level 3. HP: 24/24 MP: 6/7
  1446 | D:2      | Noticed Sigmund
  1455 | D:2      | Learned a level 3 spell: Mephitic Cloud
  1475 | D:2      | Killed Sigmund
  1475 | D:2      | Reached skill level 4 in Spellcasting
  1475 | D:2      | Gained mutation: You have a moderately thin skeletal structure. (Dex +4, Stealth+) [demonic ancestry]
  1475 | D:2      | Reached XP level 4. HP: 30/30 MP: 4/10
  1475 | D:2      | Reached XP level 5. HP: 35/35 MP: 4/11
  1479 | D:2      | Noticed Natasha
  1495 | D:2      | HP: 1/35 [giant cockroach (1)]
  1499 | D:2      | Slain by a hobgoblin

Skill      XL: |  1  2  3 |
---------------+----------+-----
Stealth        | 2 3 |  3.3
Conjurations   | 2 3 |  3.3
Spellcasting   | 4 |  4.1
Dodging        | |  1.7
Summonings     | |  1.0
Translocations | |  0.8

Action                   |  1- 3 |  4- 6 || total
-------------------------+-------+-------++-------
Melee: Unarmed           |    10 |       ||    10
       Short sword       |     6 |     5 ||    11
 Cast: Magic Dart        |    83 |     1 ||    84
       Mephitic Cloud    |     1 |       ||     1
  Use: Scroll            |     3 |       ||     3
       Potion            |     1 |     1 ||     2
 Stab: Invisible         |     1 |       ||     1
       Sleeping          |     1 |       ||     1
  Eat: Chunk             |     1 |       ||     1
Armor: Robe              |     6 |     3 ||     9
Dodge: Dodged            |    16 |    34 ||    50
